[Event "Titled Tuesday Blitz August 02 Late 2022"]
[White "Bilych, Olexiy"]
[Black "Perez Leiva, Jerzy Jesus"]
[WhiteFideId "14156504"]
[BlackFideId "3524337"]
[WhiteElo "2189"]
[BlackElo "2287"]
[Result "0-1"]
[Round "02"]
[TimeControl "180+1"]
[Date "2022.08.02"]
[WhiteClock "0:00:09"]
[BlackClock "0:00:16"]

1. e4 e5 2. Nf3 d6 3. Bc4 Be7 4. d4 exd4 5. Nxd4 Nf6 6. Nc3 O-O 7. O-O Nbd7 8. Nf5 Nc5 9. Re1 Bxf5 10. exf5 c6 11. g4 d5 12. Bf1 Nfe4 13. Nxe4 Nxe4 14. Be3 Bc5 15. Bxc5 Nxc5 16. Bg2 Qf6 17. c3 Rfe8 18. Qd2 h6 19. h3 Nd7 20. Qf4 Ne5 21. Re2 Nd3 22. Rxe8+ Rxe8 23. Qd2 Nc5 24. Re1 Rxe1+ 25. Qxe1 Kf8 26. Qe3 Qe7 27. Qf4 Kg8 28. Qb8+ Kh7 29. Qxa7 Qe1+ 30. Bf1 Nd3 31. Qb6 Qc1 32. f6 Nxb2 33. Qxb7 Qxc3 34. Qxf7 Qxf6 35. Qd7 Qg6 36. Qe7 Qc2 37. Qe3 c5 38. Bg2 Qd1+ 39. Kh2 Nc4 40. Qe6 Nd2 41. Qxd5 Nf1+ 42. Kg1 Qxd5 43. Bxd5 Nd2 44. a4 c4 45. Be6 g6 46. a5 c3 47. a6 c2 48. a7 c1=Q+ 49. Kg2 Qc6+ 50. Kg3 Ne4+ 51. Kf4 Nc5 52. Bc4 Ne6+ 53. Bxe6 Qc7+ 54. Ke4 Qxa7 55. Kf3 Qe7 56. Bc4 Qf6+ 57. Kg3 g5 58. Bd3+ Kg7 59. Be4 Qe5+ 60. Kf3 Qf4+ 61. Kg2 Qxe4+ 62. Kg3 Qf4+ 63. Kg2 Kf6 64. f3 Ke5 65. Kf2 Qd2+ 66. Kg3 Qf4+ 67. Kg2 Kd4 68. Kf2 Kd3 69. Kg2 Ke3 0-1


[Site "https://www.chess.com"]

[Event "Titled Tuesday Blitz August 02 Late 2022"]
[White "Chen, Justin"]
[Black "Makarian, Rudik"]
[WhiteFideId "2098199"]
[BlackFideId "44105681"]
[WhiteElo "2289"]
[BlackElo "2403"]
[Result "1-0"]
[Round "02"]
[TimeControl "180+1"]
[Date "2022.08.02"]
[WhiteClock "0:00:02"]
[BlackClock "0:00:52"]

1. e4 g6 2. d4 Bg7 3. Bc4 e6 4. Nf3 Ne7 5. O-O d5 6. Bd3 O-O 7. Re1 b6 8. exd5 Nxd5 9. Bg5 Bf6 10. Bxf6 Nxf6 11. Nbd2 Bb7 12. Qe2 Nbd7 13. Rad1 c5 14. Ne4 Nxe4 15. Bxe4 Bxe4 16. Qxe4 Qc7 17. Qh4 cxd4 18. Rxd4 Rad8 19. Red1 Qxc2 20. h3 Qxb2 21. Rxd7 Rxd7 22. Rxd7 Qxa2 23. Ng5 Qa1+ 24. Kh2 h5 25. Qf4 Qa4 26. Qxa4 1-0


[Site "https://www.chess.com"]

[Event "Titled Tuesday Blitz August 02 Late 2022"]
[White "Chigaev, Maksim"]
[Black "Siniauski, Artsiom"]
[WhiteFideId "4108116"]
[BlackFideId "13512269"]
[WhiteElo "2438"]
[BlackElo "2139"]
[Result "1-0"]
[Round "02"]
[TimeControl "180+1"]
[Date "2022.08.02"]
[WhiteClock "0:02:51"]
[BlackClock "0:02:31"]

1. Nf3 Nf6 2. g3 b6 3. Bg2 Bb7 4. O-O g6 5. c4 Bg7 6. d4 O-O 7. Qc2 d5 8. Ne5 Nbd7 9. Rd1 Qc8 10. cxd5 Bc6 11. Nxc6 Ne4 12. Nxe7+ Kh8 13. Nxc8 Be5 14. dxe5 Ndf6 15. exf6 Nc3 16. Qxc3 Rb8 17. Qe3 h5 18. Qh6+ Kg8 19. Qg7# 1-0


[Site "https://www.chess.com"]

[Event "Titled Tuesday Blitz August 02 Late 2022"]
[White "Clarke, Brandon G I"]
[Black "Bellissimo, Joseph F."]
[WhiteFideId "400319"]
[BlackFideId "2609843"]
[WhiteElo "2414"]
[BlackElo "2061"]
[Result "1-0"]
[Round "02"]
[TimeControl "180+1"]
[Date "2022.08.02"]
[WhiteClock "0:00:02"]
[BlackClock "0:00:13"]

1. e4 e6 2. d4 d5 3. Nd2 Nf6 4. e5 Nfd7 5. f4 c5 6. c3 Nc6 7. Ndf3 Qb6 8. g3 cxd4 9. cxd4 f6 10. Ne2 Bb4+ 11. Bd2 O-O 12. Bh3 Kh8 13. a3 Bxd2+ 14. Qxd2 Na5 15. Rd1 Nc4 16. Qc3 fxe5 17. fxe5 Qxb2 18. Ng5 Ndb6 19. Qd3 g6 20. Nf4 Qxa3 21. O-O Qxd3 22. Rxd3 Bd7 23. Rdf3 Nd2 24. Nxg6+ Kg7 25. Rxf8 Nxf1 26. Rf7+ Kxg6 27. Bxf1 Kxg5 28. Bd3 Rh8 29. Rf6 Rg8 30. h4+ Kh5 31. Be2+ Rg4 32. Kh2 Nc4 33. Kh3 Ne3 34. Rf7 Bc6 35. Rxh7+ Kg6 36. Bd3+ Re4 37. Re7 Nf5 38. Rxe6+ Kf7 39. Rf6+ Ke7 40. Bxe4 Nxd4 41. Bd3 a5 42. h5 a4 43. h6 Nf3 44. Rxf3 Ke6 45. h7 Kxe5 46. h8=Q+ Kd6 47. Qf8+ Kc7 48. Qe7+ Kb6 49. Qb4+ Kc7 50. Rf7+ Bd7+ 51. Bf5 Kc6 52. Bxd7+ Kc7 53. Bf5+ Kc6 54. Rf6+ Kc7 55. Qd6# 1-0


[Site "https://www.chess.com"]

[Event "Titled Tuesday Blitz August 02 Late 2022"]
[White "Czarnota, Pawel"]
[Black "Trakru, Rohun"]
[WhiteFideId "1121219"]
[BlackFideId "2097613"]
[WhiteElo "2534"]
[BlackElo "1746"]
[Result "1-0"]
[Round "02"]
[TimeControl "180+1"]
[Date "2022.08.02"]
[WhiteClock "0:02:32"]
[BlackClock "0:00:56"]

1. e4 c6 2. d4 d5 3. Nc3 dxe4 4. Nxe4 Nf6 5. Nxf6+ exf6 6. c3 Bd6 7. Bd3 O-O 8. Qc2 Re8+ 9. Ne2 h5 10. O-O Nd7 11. Nf4 h4 12. Qd1 Nf8 13. Qh5 Qc7 14. g3 g6 15. Qh6 Bg4 16. Qxh4 Bf3 17. Qxf6 Be7 18. Ne6 Nxe6 19. Qxf3 Bg5 20. h4 1-0


[Site "https://www.chess.com"]

[Event "Titled Tuesday Blitz August 02 Late 2022"]
[White "Djordjevic, Vuk"]
[Black "Goncalves, Davi Sulzbacher"]
[WhiteFideId "902098"]
[BlackFideId "2154510"]
[WhiteElo "2456"]
[BlackElo "2107"]
[Result "1-0"]
[Round "02"]
[TimeControl "180+1"]
[Date "2022.08.02"]
[WhiteClock "0:00:20"]
[BlackClock "0:00:04"]

1. d4 Nf6 2. Bg5 d5 3. Bxf6 exf6 4. e3 c5 5. Nc3 Be6 6. Nge2 Nc6 7. g3 cxd4 8. Nxd4 Qb6 9. Qd2 Bc5 10. Nb3 Rd8 11. Na4 Ne5 12. Nxb6 Nf3+ 13. Kd1 Nxd2 14. Nxc5 Ne4 15. Nxb7 Rb8 16. Nd6+ Nxd6 17. Na4 Ne4 18. Ke1 Bd7 19. Nc3 Rxb2 20. Nxd5 Rxc2 21. Bd3 Nxf2 22. Bxc2 Nxh1 23. Be4 Bc6 24. Nxf6+ Ke7 25. Bxc6 Kxf6 26. Bxh1 Re8 27. Kf2 Re5 28. Bf3 Ra5 29. Be2 Ra3 30. Bc4 a5 31. Rc1 h5 32. Kf3 g5 33. h4 g4+ 34. Kf4 Ra4 35. Rc3 Rb4 36. a3 Ra4 37. Ke4 Ke7 38. Kd5 f5 39. Ke5 f4 40. exf4 Kf8 41. f5 Kg7 42. f6+ Kf8 43. Be6 1-0


[Site "https://www.chess.com"]

[Event "Titled Tuesday Blitz August 02 Late 2022"]
[White "Dounis, Alexandros"]
[Black "Paravyan, David"]
[WhiteFideId "4213238"]
[BlackFideId "4194985"]
[WhiteElo "2204"]
[BlackElo "2569"]
[Result "0-1"]
[Round "02"]
[TimeControl "180+1"]
[Date "2022.08.02"]
[WhiteClock "0:00:11"]
[BlackClock "0:01:41"]

1. Nf3 Nf6 2. g3 g6 3. Bg2 Bg7 4. O-O O-O 5. d4 d5 6. c4 c6 7. b3 Ne4 8. Bb2 a5 9. Nc3 Nxc3 10. Bxc3 Nd7 11. e3 Nb6 12. Qe2 a4 13. Rfd1 axb3 14. axb3 Rxa1 15. Bxa1 Be6 16. c5 Nd7 17. b4 Bg4 18. b5 e5 19. bxc6 bxc6 20. Qa6 e4 21. Qxc6 exf3 22. Bf1 Nf6 23. Bc3 Ne4 24. Be1 h5 25. h3 Be6 26. Ra1 Qg5 27. h4 Qg4 28. Ra8 g5 29. Rxf8+ Bxf8 30. hxg5 h4 31. Qc7 hxg3 32. fxg3 Qxg5 33. Qf4 Bh6 34. c6 Qh5 35. Qb8+ Kg7 36. Bf2 Bg4 37. Qe5+ Qxe5 38. dxe5 Bc8 39. Bd3 Kf8 40. Bxe4 dxe4 41. Be1 Bxe3+ 42. Kh2 Bc5 43. Ba5 e3 44. Bc7 Ke7 45. g4 e2 46. Bd6+ Bxd6 47. exd6+ Kxd6 0-1


[Site "https://www.chess.com"]

[Event "Titled Tuesday Blitz August 02 Late 2022"]
[White "Drygalov, Sergey"]
[Black "Jaskolka, Tomasz"]
[WhiteFideId "24171743"]
[BlackFideId "1170791"]
[WhiteElo "2523"]
[BlackElo "2073"]
[Result "1-0"]
[Round "02"]
[TimeControl "180+1"]
[Date "2022.08.02"]
[WhiteClock "0:00:44"]
[BlackClock "0:00:25"]

1. d4 d5 2. c4 c6 3. Nf3 Nf6 4. Nc3 a6 5. e3 Bf5 6. Qb3 Ra7 7. Ne5 Nbd7 8. cxd5 Nxe5 9. dxe5 Nxd5 10. e4 Nxc3 11. exf5 Nd5 12. Bc4 e6 13. fxe6 fxe6 14. O-O Be7 15. Qh3 Qd7 16. Bd3 h6 17. Bg6+ Kd8 18. Bf7 Qc7 19. Be3 Nxe3 20. Qxe3 b6 21. Rad1+ Kc8 22. Bxe6+ Kb8 23. Rd7 Qxd7 24. Bxd7 Rxd7 25. Qxb6+ Rb7 26. Qxc6 Rc8 27. Qxa6 Rxb2 28. Qd3 Bc5 29. Rb1 Rxb1+ 30. Qxb1+ Ka7 31. Qb5 Bb6 32. h4 Rc1+ 33. Kh2 Bxf2 34. Qa5+ Kb7 35. Qb4+ Bb6 36. a4 Kc7 37. Qe7+ Kc6 38. Qd6+ Kb7 39. Qd5+ Kc7 40. Qf7+ Kc6 41. Qxg7 Re1 42. Qxh6+ Kb7 43. Qf4 Re3 44. h5 Rd3 45. h6 Rd4 46. Qf7+ Ka6 47. h7 Rh4+ 48. Kg3 Rh6 49. Qg7 Rc6 50. h8=Q Rc3+ 51. Kh2 Rc7 52. Qa8+ Ba7 53. Qxa7+ Rxa7 54. Qxa7+ Kxa7 55. e6 Kb6 56. e7 Kc7 57. e8=Q Kd6 58. Qb5 Kc7 59. a5 Kd6 60. g4 Ke7 61. Kg3 Kf6 62. Kf4 Kg6 63. Qb6+ Kh7 64. Kf5 Kg8 65. a6 Kf8 66. g5 Ke7 67. Qc7+ Kf8 68. Kf6 Kg8 69. g6 Kh8 70. a7 Kg8 71. a8=N Kh8 72. Nb6 Kg8 73. Nd5 Kh8 74. Qa7 Kg8 75. Ne7+ Kf8 76. g7+ Ke8 77. Qa4+ Kd8 78. g8=Q+ Kc7 79. Qc8+ Kd6 80. Nf5+ Kd5 81. Qac4# 1-0


[Site "https://www.chess.com"]

[Event "Titled Tuesday Blitz August 02 Late 2022"]
[White "Ekdyshman, Mikhail"]
[Black "Bortnyk, Olexandr"]
[WhiteFideId "4149416"]
[BlackFideId "14120828"]
[WhiteElo "2146"]
[BlackElo "2723"]
[Result "0-1"]
[Round "02"]
[TimeControl "180+1"]
[Date "2022.08.02"]
[WhiteClock "0:00:06"]
[BlackClock "0:00:04"]

1. d4 d6 2. c4 e5 3. Nf3 e4 4. Nfd2 f5 5. h3 e3 6. Nf3 exf2+ 7. Kxf2 Nf6 8. Nc3 Be7 9. Qc2 O-O 10. Be3 Nc6 11. g3 Kh8 12. Kg2 Ne4 13. Kh2 Qe8 14. Bg2 Nxg3 15. Kxg3 Bh4+ 16. Nxh4 Qxe3+ 17. Nf3 Nxd4 18. Qc1 f4+ 19. Kh2 Nxf3+ 20. exf3 Qe5 21. Rg1 Qh5 22. Ne4 c6 23. Qc3 d5 24. cxd5 cxd5 25. Nf2 Bf5 26. Bf1 Qh6 27. Ng4 Bxg4 28. Rxg4 Rac8 29. Qd2 Qh5 30. Bd3 Qe5 31. Rag1 g6 32. Qg2 Qf6 33. Rg5 Rc7 34. Rxd5 Re7 35. Qg5 Qxb2+ 36. Rg2 Qf6 37. Qh6 Qg7 38. Qh4 Qf6 39. Rdg5 Rg7 40. Qh6 a6 41. Bxg6 Rfg8 42. Rf5 Rxg6 43. Rxf6 Rxg2+ 44. Kh1 Rg1+ 45. Kh2 R8g2# 0-1


[Site "https://www.chess.com"]

[Event "Titled Tuesday Blitz August 02 Late 2022"]
[White "Ghaem Maghami, Ehsan"]
[Black "Taboas Rodriguez, Daniel"]
[WhiteFideId "12500739"]
[BlackFideId "2208466"]
[WhiteElo "2627"]
[BlackElo "2429"]
[Result "1-0"]
[Round "02"]
[TimeControl "180+1"]
[Date "2022.08.02"]
[WhiteClock "0:01:29"]
[BlackClock "0:00:14"]

1. c4 Nf6 2. Nc3 g6 3. g3 Bg7 4. Bg2 O-O 5. d4 c6 6. e4 d6 7. Nge2 Bg4 8. h3 Bxe2 9. Qxe2 e5 10. d5 Nbd7 11. O-O a5 12. Be3 Qe7 13. Rfd1 Nc5 14. Rab1 Rfd8 15. b3 Nfd7 16. a3 a4 17. b4 Nb3 18. dxc6 bxc6 19. b5 Nd4 20. Qd2 cxb5 21. Nxb5 Nc5 22. Bxd4 exd4 23. Nxd4 Nxe4 24. Nc6 Qe8 25. Bxe4 Qxe4 26. Nxd8 Rxd8 27. Qd5 Qe2 28. c5 Be5 29. Re1 Qc2 30. Rbd1 1-0


[Site "https://www.chess.com"]

[Event "Titled Tuesday Blitz August 02 Late 2022"]
[White "Grischuk, Alexander"]
[Black "Tarigan, Gilbert Elroy"]
[WhiteFideId "4126025"]
[BlackFideId "7108133"]
[WhiteElo "2762"]
[BlackElo "1908"]
[Result "1-0"]
[Round "02"]
[TimeControl "180+1"]
[Date "2022.08.02"]
[WhiteClock "0:00:14"]
[BlackClock "0:00:03"]

1. d4 Nf6 2. Nf3 e6 3. Bf4 c5 4. e3 b6 5. Nc3 a6 6. d5 Bb7 7. e4 d6 8. dxe6 fxe6 9. e5 Nd5 10. Nxd5 Bxd5 11. exd6 c4 12. Be2 Bxd6 13. Bxd6 Qxd6 14. O-O Qc7 15. Ng5 O-O 16. Bf3 Qc6 17. Re1 Bxf3 18. Nxf3 Ra7 19. Nd4 Qd5 20. Nxe6 Qxd1 21. Raxd1 Re8 22. Kf1 Rae7 23. Nd4 Kf7 24. Rxe7+ Rxe7 25. Nf5 Rc7 26. Ke2 b5 27. c3 Nc6 28. f4 g6 29. Ne3 Ne7 30. Kf3 Rb7 31. g4 h5 32. h3 hxg4+ 33. hxg4 Ke6 34. Ke4 Nc8 35. f5+ gxf5+ 36. gxf5+ Kf7 37. Nd5 Nd6+ 38. Ke5 Ne8 39. Rh1 Kf8 40. Rh8+ Kf7 41. Rh7+ Ng7 42. f6 1-0


[Site "https://www.chess.com"]

[Event "Titled Tuesday Blitz August 02 Late 2022"]
[White "Harshavardhan G B"]
[Black "Ovchinnikov, Vsevolod"]
[WhiteFideId "25059009"]
[BlackFideId "24176842"]
[WhiteElo "1831"]
[BlackElo "2376"]
[Result "1-0"]
[Round "02"]
[TimeControl "180+1"]
[Date "2022.08.02"]
[WhiteClock "0:00:23"]
[BlackClock "0:00:02"]

1. e4 g6 2. h4 h5 3. d4 Bg7 4. Bc4 e6 5. Nc3 Nc6 6. Be3 Nge7 7. Nf3 d5 8. Bd3 dxe4 9. Nxe4 Nf5 10. c3 Nxe3 11. fxe3 O-O 12. Qc2 Bh6 13. Neg5 Kg7 14. Qe2 e5 15. O-O-O Bg4 16. Kb1 Qe7 17. Qf2 f6 18. Ne4 Rae8 19. Rdf1 Bf5 20. Re1 Rd8 21. Bc2 b6 22. Ng3 Bg4 23. Nh2 Be6 24. Qf3 Qe8 25. Ne4 Bd5 26. Qf2 Qf7 27. a3 Rde8 28. g4 f5 29. gxf5 Qxf5 30. Qg2 exd4 31. exd4 1-0


[Site "https://www.chess.com"]

[Event "Titled Tuesday Blitz August 02 Late 2022"]
[White "Ibarra Jerez, Jose Carlos"]
[Black "Rosen, Eric"]
[WhiteFideId "2226332"]
[BlackFideId "2032562"]
[WhiteElo "2628"]
[BlackElo "2362"]
[Result "0-1"]
[Round "02"]
[TimeControl "180+1"]
[Date "2022.08.02"]
[WhiteClock "0:00:05"]
[BlackClock "0:00:05"]

1. e4 c5 2. Nc3 e6 3. Nf3 Nc6 4. d4 cxd4 5. Nxd4 Qc7 6. g3 a6 7. Bg2 Nf6 8. O-O d6 9. Re1 Be7 10. Nxc6 bxc6 11. e5 dxe5 12. Rxe5 O-O 13. Bf4 Bd6 14. Rxe6 Bxf4 15. Rxc6 Qa7 16. gxf4 Rb8 17. b3 Qe7 18. Qd6 Qxd6 19. Rxd6 Bf5 20. Nd5 Nxd5 21. Bxd5 Bxc2 22. Rxa6 Rb4 23. Rc1 Bd3 24. Bc4 Bxc4 25. Rxc4 Rxc4 26. bxc4 Rc8 27. c5 Kf8 28. c6 Ke7 29. Ra7+ Ke6 30. c7 Kf5 31. Kg2 Kxf4 32. Ra4+ Ke5 33. Rc4 Kd5 34. Rc1 Kd6 35. Kf3 h6 36. h4 g6 37. Kf4 f6 38. Ke4 Kd7 39. Kd5 g5 40. h5 f5 41. Ke5 f4 42. Kf5 Rxc7 43. Rd1+ Ke7 44. Kg6 Rc6+ 45. Kg7 Ra6 46. Rd2 g4 47. Re2+ Re6 48. Rb2 Kd6 49. a4 Ke5 50. Rb4 Kf5 51. a5 g3 52. f3 Re1 53. Rb2 Ra1 54. Rb5+ Ke6 55. Rb6+ Ke7 56. Rg6 Rxa5 57. Kxh6 Kf7 58. Rg4 Ra4 59. Kh7 Kf6 60. h6 Kf5 61. Rg8 Ra3 62. Kg7 g2 63. Kf7 Ra7+ 64. Kf8 Ra8+ 65. Kf7 Rxg8 66. Kxg8 g1=Q+ 67. Kh8 Kg6 68. h7 Qa1+ 69. Kg8 Qg7# 0-1


[Site "https://www.chess.com"]

[Event "Titled Tuesday Blitz August 02 Late 2022"]
[White "Koellner, Ruben Gideon"]
[Black "Kravtsiv, Martyn"]
[WhiteFideId "12993093"]
[BlackFideId "14113147"]
[WhiteElo "2512"]
[BlackElo "2694"]
[Result "0-1"]
[Round "02"]
[TimeControl "180+1"]
[Date "2022.08.02"]
[WhiteClock "0:00:03"]
[BlackClock "0:01:15"]

1. d4 d5 2. Nf3 Nf6 3. Nbd2 e6 4. e3 c5 5. c3 Nc6 6. Bd3 Bd6 7. O-O O-O 8. dxc5 Bxc5 9. b4 Bd6 10. Bb2 e5 11. e4 h6 12. Qc2 Bg4 13. h3 Bh5 14. exd5 Nxd5 15. g4 Bg6 16. Bxg6 fxg6 17. Qb3 Bc7 18. Rad1 Kh7 19. c4 Nf4 20. Ne4 Nd4 21. Nxd4 exd4 22. Rxd4 Ne2+ 23. Kg2 Nxd4 24. Qc3 Ne6 25. Nc5 Nf4+ 26. Kg1 Ne2+ 0-1


[Site "https://www.chess.com"]

[Event "Titled Tuesday Blitz August 02 Late 2022"]
[White "Krastev, Alexander"]
[Black "Swiercz, Dariusz"]
[WhiteFideId "12989983"]
[BlackFideId "1126881"]
[WhiteElo "2579"]
[BlackElo "2627"]
[Result "1-0"]
[Round "02"]
[TimeControl "180+1"]
[Date "2022.08.02"]
[WhiteClock "0:00:21"]
[BlackClock "0:00:42"]

1. e4 Nc6 2. Nf3 d6 3. d4 Nf6 4. Nc3 Bg4 5. Be2 e6 6. h3 Bh5 7. Be3 Be7 8. d5 exd5 9. exd5 Bxf3 10. Bxf3 Ne5 11. Be2 O-O 12. O-O Re8 13. Re1 Bf8 14. Bf1 c6 15. Qd2 a6 16. a4 Rc8 17. dxc6 Rxc6 18. Rad1 h6 19. Bf4 Qc8 20. Qd4 Qf5 21. Qd2 d5 22. Bxe5 Rxe5 23. Rxe5 Qxe5 24. Bd3 Bb4 25. Re1 Bxc3 26. bxc3 Qxc3 27. Qe3 Re6 28. Bh7+ Kxh7 29. Qxc3 Rc6 30. Qd3+ g6 31. Re7 Kg7 32. Rxb7 Re6 33. Qd4 h5 34. Rb6 1-0


[Site "https://www.chess.com"]

[Event "Titled Tuesday Blitz August 02 Late 2022"]
[White "Machidon, Cristi"]
[Black "Hakobyan, Aram"]
[WhiteFideId "13904590"]
[BlackFideId "13306677"]
[WhiteElo "2312"]
[BlackElo "2557"]
[Result "1-0"]
[Round "02"]
[TimeControl "180+1"]
[Date "2022.08.02"]
[WhiteClock "0:00:16"]
[BlackClock "0:00:11"]

1. d4 Nf6 2. c4 e6 3. Nc3 Bb4 4. e3 Bxc3+ 5. bxc3 c5 6. Bd3 d6 7. f4 Nc6 8. Nf3 O-O 9. O-O e5 10. Bc2 e4 11. Nd2 Re8 12. h3 h5 13. Qe1 Bf5 14. Rb1 Rb8 15. Kh2 h4 16. Nb3 Nd7 17. g4 hxg3+ 18. Qxg3 Re6 19. Qg5 Ne7 20. Rg1 Rg6 21. Qh4 Rxg1 22. Kxg1 Ng6 23. Qxd8+ Rxd8 24. Na5 b6 25. Nb7 Rb8 26. Nxd6 Bxh3 27. Bxe4 Nf6 28. Bxg6 fxg6 29. dxc5 Rd8 30. Ba3 Bf5 31. Rd1 Ne4 32. Rd4 Nxc3 33. Nxf5 Ne2+ 34. Kf2 Nxd4 35. Nxd4 bxc5 36. Bxc5 Rc8 37. Nb3 a5 38. Bd4 Rxc4 39. a3 a4 40. Nd2 Rc2 41. Ke2 Kf7 42. Kd3 Ra2 43. Bc5 Kf6 44. Nf3 Rf2 45. Bd4+ Ke7 46. Nh4 Kf7 47. Ke4 Ra2 48. Bc5 Rc2 49. Bb4 g5 50. fxg5 Rc4+ 51. Kf5 Rxh4 52. g6+ Kg8 53. e4 Rh1 54. e5 Rb1 55. Bd6 Rb6 56. Ke6 Ra6 57. Kd5 Ra5+ 58. Kd4 Ra6 59. Kc5 Ra5+ 60. Kb6 Ra8 61. e6 Rd8 62. Kc7 Re8 63. Kd7 Ra8 64. e7 Ra7+ 65. Bc7 Ra8 66. e8=Q+ Rxe8 67. Kxe8 Kh8 68. Bd6 Kg8 69. Kd7 Kh8 70. Kc6 Kg8 71. Kb5 Kh8 72. Kxa4 Kg8 73. Kb5 Kh8 74. a4 Kg8 75. a5 Kh8 76. a6 1-0


[Site "https://www.chess.com"]

[Event "Titled Tuesday Blitz August 02 Late 2022"]
[White "Maltsevskaya, Aleksandra"]
[Black "Fedoseev, Vladimir"]
[WhiteFideId "24174041"]
[BlackFideId "24130737"]
[WhiteElo "2243"]
[BlackElo "2726"]
[Result "0-1"]
[Round "02"]
[TimeControl "180+1"]
[Date "2022.08.02"]
[WhiteClock "0:00:03"]
[BlackClock "0:00:53"]

1. e4 c5 2. Nf3 d6 3. d4 cxd4 4. Nxd4 Nf6 5. f3 e5 6. Nb3 Be6 7. c4 a5 8. Nc3 a4 9. Nd2 Qa5 10. Ndb1 Be7 11. Be2 O-O 12. O-O Rc8 13. Na3 Nc6 14. Be3 Bd8 15. Qxd6 Bb6 16. Qd2 Rd8 17. Qc1 Nd4 18. Kh1 Rac8 19. Bg1 Bc5 20. Bd3 Bxa3 21. bxa3 Bxc4 22. Rd1 Be6 23. Qg5 Rxc3 24. Bf1 h6 25. Qg3 Nxe4 26. Qh4 Nf6 27. Bxd4 exd4 28. Rxd4 Rxd4 29. Qxd4 Nd5 0-1


[Site "https://www.chess.com"]

[Event "Titled Tuesday Blitz August 02 Late 2022"]
[White "Manukyan, Artyom"]
[Black "Rasulov, Vugar"]
[WhiteFideId "13305786"]
[BlackFideId "13402390"]
[WhiteElo "2034"]
[BlackElo "2523"]
[Result "0-1"]
[Round "02"]
[TimeControl "180+1"]
[Date "2022.08.02"]
[WhiteClock "0:00:14"]
[BlackClock "0:01:23"]

1. e4 c5 2. Nc3 e6 3. Nge2 a6 4. g3 d5 5. exd5 exd5 6. d4 Nf6 7. Bg2 cxd4 8. Nxd4 Bg4 9. Qd3 Nc6 10. O-O Be7 11. h3 Bc8 12. Nf5 Bxf5 13. Qxf5 d4 14. Nd5 Nxd5 15. Qxd5 O-O 16. Qxd8 Rfxd8 17. a3 Rac8 18. Bd2 Ne5 19. Bxb7 Rxc2 20. Bf4 Ng6 21. Bxa6 Nxf4 22. gxf4 Rxb2 23. Rfd1 g6 24. Kf1 Kg7 25. a4 Bh4 26. Be2 Re8 27. Re1 Rd2 28. Ra3 d3 29. Rxd3 Rexe2 30. Rxe2 Rxd3 31. Ra2 Rd6 32. a5 Ra6 33. Kg2 Bd8 34. Kf3 Rxa5 35. Rd2 Ra3+ 36. Ke4 Bc7 37. h4 Ra4+ 0-1


[Site "https://www.chess.com"]

[Event "Titled Tuesday Blitz August 02 Late 2022"]
[White "Marczuk, Dominik"]
[Black "Livaic, Leon"]
[WhiteFideId "1111264"]
[BlackFideId "14531534"]
[WhiteElo "1901"]
[BlackElo "2540"]
[Result "1-0"]
[Round "02"]
[TimeControl "180+1"]
[Date "2022.08.02"]
[WhiteClock "0:00:19"]
[BlackClock "0:00:09"]

1. e4 c5 2. Nf3 d6 3. d4 cxd4 4. Nxd4 Nf6 5. Nc3 Nc6 6. f3 e5 7. Nb3 Be6 8. Nd5 Be7 9. Be3 O-O 10. Qd2 Bxd5 11. exd5 Nb8 12. Be2 Nbd7 13. O-O Ne8 14. a4 h6 15. a5 a6 16. c4 Bg5 17. Bd3 Bxe3+ 18. Qxe3 Qg5 19. Qf2 f5 20. c5 e4 21. f4 Qe7 22. c6 Ndf6 23. Bc4 bxc6 24. dxc6+ d5 25. Be2 Qb4 26. Ra3 Nd6 27. Qd4 Nc4 28. Rc1 Rfc8 29. Bxc4 dxc4 30. Qxc4+ Qxc4 31. Rxc4 Nd5 32. Nd4 g6 33. g3 Ra7 34. Rb3 Kf7 35. Rb7+ Rxb7 36. cxb7 Rb8 37. Nc6 Rxb7 38. Nd8+ Kf6 39. Nxb7 g5 40. Rc6+ 1-0


[Site "https://www.chess.com"]

[Event "Titled Tuesday Blitz August 02 Late 2022"]
[White "Mardov, Dimitar"]
[Black "Al-Tarboush, Ward"]
[WhiteFideId "30919495"]
[BlackFideId "7601450"]
[WhiteElo "2185"]
[BlackElo "2231"]
[Result "1-0"]
[Round "02"]
[TimeControl "180+1"]
[Date "2022.08.02"]
[WhiteClock "0:01:04"]
[BlackClock "0:00:51"]

1. d4 d5 2. c4 c6 3. Nf3 Nf6 4. e3 e6 5. Nc3 Nbd7 6. Qc2 Bd6 7. b3 O-O 8. Be2 b6 9. O-O Bb7 10. Bb2 Qe7 11. Rad1 Rfe8 12. Rfe1 Rad8 13. g3 c5 14. cxd5 exd5 15. Bf1 Bb8 16. Bg2 Ne4 17. Nxe4 dxe4 18. Nd2 Nf6 19. dxc5 bxc5 20. Bxf6 Qxf6 21. Nxe4 Qg6 22. Nf6+ gxf6 23. Qxg6+ hxg6 24. Bxb7 Bc7 25. Bd5 Kg7 26. Kg2 Ba5 27. Rh1 Rd6 28. Rd3 Red8 29. Rhd1 f5 30. h4 Kf6 31. Kf1 Ke5 32. f4+ Kf6 33. Ke2 Bb6 34. Kf3 R8d7 35. g4 fxg4+ 36. Kxg4 a5 37. e4 Kg7 38. e5 1-0


[Site "https://www.chess.com"]

[Event "Titled Tuesday Blitz August 02 Late 2022"]
[White "Martinez Alcantara, Jose Eduardo"]
[Black "Bayo Milagro, Alvaro"]
[WhiteFideId "3805662"]
[BlackFideId "22275240"]
[WhiteElo "2703"]
[BlackElo "2270"]
[Result "1-0"]
[Round "02"]
[TimeControl "180+1"]
[Date "2022.08.02"]
[WhiteClock "0:00:29"]
[BlackClock "0:00:06"]

1. e4 e5 2. Nf3 Nc6 3. Bb5 a6 4. Ba4 Nf6 5. d3 d6 6. c3 g6 7. O-O Bg7 8. h3 O-O 9. Re1 Bd7 10. Be3 b5 11. Bc2 h6 12. Nbd2 Kh7 13. d4 Nh5 14. dxe5 Nxe5 15. Nxe5 dxe5 16. Nb3 Nf4 17. Nc5 Bc6 18. Kh2 Qe7 19. b4 a5 20. g3 Ne6 21. a3 axb4 22. axb4 Rxa1 23. Qxa1 Ra8 24. Qd1 Rd8 25. Qe2 Nxc5 26. Bxc5 Qe6 27. Bd3 Bd7 28. h4 c6 29. Kg1 Bc8 30. c4 bxc4 31. Bxc4 Qd7 32. Bb3 Kg8 33. Rd1 Qc7 34. Rd3 Rxd3 35. Qxd3 Qd7 36. Qf3 Qe8 37. Qd3 Be6 38. Ba4 Qa8 39. Qd1 Bf8 40. Bxf8 Kxf8 41. Qd6+ Kg8 42. Qxc6 Qa7 43. Qc2 Qd4 44. b5 Bc4 45. b6 Bd3 46. Qd1 Qxe4 47. b7 Qxb7 48. Qxd3 Kg7 49. Bc2 Qc7 50. h5 gxh5 51. Qh7+ Kf8 52. Qxh6+ Ke7 53. Qg5+ Kf8 54. Bf5 Qd6 55. Qxh5 Ke7 56. Be4 Qd4 57. Qf3 f6 58. Kg2 Qd2 59. Qf5 Qd4 60. Qh7+ Ke6 61. Bf5+ Kd6 62. Qd7+ Kc5 63. Qxd4+ exd4 64. Kf3 Kd5 65. Bd3 1-0


[Site "https://www.chess.com"]

[Event "Titled Tuesday Blitz August 02 Late 2022"]
[White "Nogerbek, Kazybek"]
[Black "Jarmula, Lukasz"]
[WhiteFideId "13710427"]
[BlackFideId "1160664"]
[WhiteElo "2458"]
[BlackElo "2246"]
[Result "0-1"]
[Round "02"]
[TimeControl "180+1"]
[Date "2022.08.02"]
[WhiteClock "0:00:01"]
[BlackClock "0:00:33"]

1. e4 c5 2. Nf3 e6 3. d4 cxd4 4. Nxd4 Nc6 5. Nc3 Nf6 6. Ndb5 Bb4 7. a3 Bxc3+ 8. Nxc3 d5 9. exd5 exd5 10. Bd3 O-O 11. O-O d4 12. Ne4 Bf5 13. Bg5 Bxe4 14. Bxe4 h6 15. Bh4 Re8 16. Bf3 Ne5 17. Re1 Qb6 18. b3 Rad8 19. h3 d3 20. Bxf6 gxf6 21. cxd3 Rxd3 22. Qxd3 Nxd3 23. Rxe8+ Kg7 24. Re3 Ne5 25. Rd1 Qc5 26. Bxb7 Qxa3 27. Bd5 Qc5 28. Rg3+ Ng6 29. Re3 h5 30. Rg3 h4 31. Rg4 f5 32. Rc4 Qd6 33. Rc6 Qe5 34. Bf3 a5 35. Rcc1 Qf4 36. Re1 Ne5 37. Bd5 Nd3 38. Rcd1 Nxe1 39. Rxe1 Qd2 40. Re5 Kf6 41. Be4 Kxe5 0-1


[Site "https://www.chess.com"]